AoeStats
← wolololigma

Arena

504382995Analyzed
2v2 RM · 27d ago on Sep 5, 2026· 59m 36s· 4 players
Game mode
Random Map
Map size
Medium (4 player)
Population
200
Speed
Normal
Resources
Standard
Victory
Conquest
Starting age
Dark Age
Ending age
Imperial Age
RankedLock teamsTeams togetherTeam positionsShared explorationLock speedFull tech treeHidden civsTurbo modeCheats
Victory
Defeat
🇺🇸 Saracens · United States
1125
+15
🇺🇸 Spanish · United States
1100
+16
🇺🇸 Teutons · United States
1117
-16
🇺🇸 Lithuanians · United States
1092
-15
Femboy Hooters
6:37 Loom
9:48 Feudal Age
10:31 Double-Bit Axe
17:03 Castle Age
16:29 Horse Collar
20:03 Husbandry
21:22 Scale Barding Armor
27:23 Wheelbarrow
28:29 Padded Archer Armor
28:54 Bloodlines
33:37 Imperial Age
32:37 Forging
32:48 Chain Barding Armor
33:47 Heavy Plow
36:21 Conscription
36:54 Iron Casting
36:54 Plate Barding Armor
36:11 Fletching
37:15 Cavalier
40:19 Blast Furnace
39:15 Bodkin Arrow
41:35 Redemption
43:22 Hand Cart
42:53 Town Watch
43:23 Bow Saw
45:16 Gold Mining
47:25 Leather Archer Armor
47:42 Elite Conquistador
49:04 Ring Archer Armor
48:37 Stone Mining
51:53 Ballistics
52:34 Chemistry
51:30 Murder Holes
53:27 Bracer
55:40 Hoardings
55:19 Masonry
55:57 Supremacy
55:55 Caravan
57:46 Architecture
Drifter
11:50 Feudal Age
12:18 Horse Collar
12:24 Double-Bit Axe
18:55 Castle Age
19:38 Wheelbarrow
19:52 Bow Saw
21:44 Gold Mining
23:33 Husbandry
25:07 Gold Shaft Mining
26:35 Hand Cart
26:38 Forging
27:13 Town Watch
32:11 Imperial Age
30:56 Iron Casting
30:27 Scale Barding Armor
31:12 Bloodlines
31:16 Heavy Plow
31:45 Stone Mining
31:42 Light Cavalry
32:15 Treadmill Crane
34:28 Two-Man Saw
36:01 Conscription
37:51 Chain Barding Armor
38:20 Elite Mameluke
46:53 Plate Barding Armor
47:19 Blast Furnace
47:05 Bimaristan
48:01 Hoardings
47:45 Hussar
50:03 Chemistry
49:23 Ballistics
49:14 Masonry
49:36 Counterweights
52:52 Caravan
Squatch360
9:42 Feudal Age
14:21 Castle Age
12:52 Double-Bit Axe
13:24 Horse Collar
15:41 Wheelbarrow
16:15 Loom
25:44 Hand Cart
26:04 Heavy Plow
31:12 Imperial Age
28:45 Fletching
28:56 Padded Archer Armor
29:38 Bow Saw
30:17 Bodkin Arrow
31:37 Leather Archer Armor
30:50 Pikeman
31:30 Squires
32:41 Forging
31:56 Elite Skirmisher
36:33 Scale Mail Armor
37:08 Iron Casting
36:38 Halberdier
38:28 Chain Mail Armor
39:39 Bracer
40:10 Ring Archer Armor
43:01 Ballistics
49:42 Chemistry
48:56 Tower Shields
49:17 Conscription
49:33 Hoardings
wolololigma
11:23 Feudal Age
11:48 Horse Collar
19:07 Double-Bit Axe
21:56 Castle Age
20:26 Stone Mining
20:37 Gold Mining
21:53 Wheelbarrow
21:12 Loom
21:57 Fletching
22:10 Padded Archer Armor
22:04 Elite Skirmisher
28:01 Hand Cart
29:11 Bow Saw
31:23 Ironclad
34:02 Imperial Age
33:26 Heavy Plow
33:46 Leather Archer Armor
33:47 Squires
33:32 Arson
34:04 Bodkin Arrow
34:20 Forging
34:16 Scale Barding Armor
35:05 Conscription
36:47 Ring Archer Armor
36:53 Iron Casting
35:52 Pikeman
38:52 Halberdier
40:36 Blast Furnace
39:57 Chain Barding Armor
40:51 Fortified Wall
44:27 Elite Teutonic Knight
51:07 Ironclad
55:37 Scale Mail Armor
55:52 Siege Engineers
56:14 Ballistics
57:08 Two-Man Saw
Connection lost

Rejoining the realm…

Still unreachable

The connection could not be restored.

Session expired

The server has moved on; the page needs a fresh start.